 Dungeon Crawl Stone Soup version 0.28.0-43-g3370ac3207 (webtiles) character file.

Game seed: 6865939075265325339

38 issech the Cudgeller (level 3, -3/36 HPs)
             Began as a Troll Monk on Mar 22, 2022.
             Killed from afar by Sigmund (7 damage)
             ... with a magic dart
             ... on level 2 of the Dungeon.
             The game lasted 00:05:13 (826 turns).

issech the Cudgeller (Troll Monk)                    Turns: 826, Time: 00:05:13

Health: -3/36      AC:  4    Str: 19    XL:     3   Next: 25%
Magic:  2/2        EV: 10    Int:  6    God:
Gold:   60         SH:  0    Dex: 14    Spells: 2/2 levels left

rFire   . . .      SeeInvis .   a - +0 mace
rCold   . . .      Faith    .   (no shield)
rNeg    . . .      Spirit   .   b - +0 robe
rPois   .          Reflect  .   (helmet restricted)
rElec   .          Harm     .   (no cloak)
rCorr   .          Rampage  .   (gloves unavailable)
Will    .....                   (boots unavailable)
Stlth   ++........              (no amulet)
HPRegen 0.92/turn               (no ring)
MPRegen 0.08/turn               (no ring)

@: no status effects
A: large, unfitting armour, claws 3, regeneration 1, shaggy fur 1, tough skin 1
a: no special abilities


You were on level 2 of the Dungeon.
You visited 1 branch of the dungeon, and saw 2 of its levels.

You collected 60 gold pieces.

Inventory:

Hand Weapons
 a - a +0 mace (weapon)
Missiles
 c - 31 sling bullets
 e - 43 stones (quivered)
 j - 35 arrows
 k - 5 poisoned darts
Armour
 b - a +0 robe (worn)
Scrolls
 d - 2 scrolls of enchant armour {unknown}
 f - a scroll of blinking {unknown}
 g - a scroll of identify {unknown}
 h - a scroll of magic mapping {unknown}
Potions
 i - a potion of curing {unknown}
 l - a potion of flight {unknown}


   Skills:
 + Level 2.9 Fighting
 + Level 3.1 Maces & Flails
 + Level 2.7 Dodging
 + Level 1.1 Stealth


You had 2 spell levels left.
You didn't know any spells.
Your spell library was empty.

Dungeon Overview and Level Annotations

Branches:
Dungeon (2/15)

Altars:

Annotations:
D:2 Sigmund


Innate Abilities, Weirdness & Mutations

You are too large for most types of armour.
You have claws for hands.
Your natural rate of healing is unusually fast.
You are covered in fur. (AC +1)
You have tough skin. (AC +1)


Message History

Press: ? - help, Q - select action, (/) - cycle Shift-Dir - straight line, f/p - Sigmund
Aim: Sigmund, wielding a +0 scythe and wearing a +0 robe (55% to hit)
You throw a stone.
The stone hits Sigmund but does no damage.
Throw: 44 stones
Press: ? - help, Q - select action, (/) - cycle Shift-Dir - straight line, f/p - Sigmund
Aim: Sigmund, wielding a +0 scythe and wearing a +0 robe (55% to hit)
You throw a stone.
The stone hits Sigmund but does no damage.
Sigmund hits you from afar with a +0 scythe.
Sigmund screams, "Only death can liberate you!"
Sigmund points at you and mumbles some strange words.
You resist with significant effort.
You completely miss Sigmund. Sigmund hits you but does no damage.
You closely miss Sigmund. Sigmund hits you with a +0 scythe!
You barely miss Sigmund. Sigmund hits you with a +0 scythe.
You completely miss Sigmund. Sigmund barely misses you.
You hit Sigmund.
Sigmund is lightly wounded.
Sigmund hits you but does no damage.
You hit Sigmund.
Sigmund is moderately wounded.
You sock Sigmund!
Sigmund is heavily wounded.
Sigmund closely misses you.
You barely miss Sigmund.
Sigmund is heavily wounded.
Sigmund points at you and mumbles some strange words.
The magic dart hits you!
You hit Sigmund.
Sigmund is heavily wounded.
Sigmund hits you with a +0 scythe!
You barely miss Sigmund.
Sigmund is heavily wounded.
Sigmund hits you with a +0 scythe.
Sigmund hits you from afar with a +0 scythe!
* * * LOW HITPOINT WARNING * * *
Sigmund points at you and mumbles some strange words.
The magic dart hits you!
You die...

..#.##.......# ###.....###
#.#.#.......## #..........#
#.#.#.####..#####..........#
#.#........................#
#.....#..#.#.#.#...........#
....###............<..<.<..#
......#..#.#.#.#...........#
.......................>...#
....#.#..#.#.#.#@.###.#####
....#.#'..........## .#
.........#.#.#.#...# .#
...................# .#
................@..# .#
####.........#.....# .#
#.........#.....# .#
#.........#.....# .#
#....>....#)....# .#


You could see Sigmund.

Vanquished Creatures
  3 ball pythons (D:1)
  2 endoplasms (D:1)
  3 giant cockroaches
  4 hobgoblins (D:1)
  A jackal (D:1)
  4 kobolds
  2 quokkas (D:1)
  5 bats
  A frilled lizard (D:2)
  5 goblins (D:1)
  5 rats (D:1)
35 creatures vanquished.

Notes
Turn   | Place    | Note
-------+----------+-------------------------------------------
     0 | D:1      | issech the Troll Monk began the quest for the Orb.
     0 | D:1      | Reached XP level 1. HP: 22/22 MP: 0/0
    88 | D:1      | Reached XP level 2. HP: 25/29 MP: 1/1
   184 | D:1      | Reached skill level 3 in Maces & Flails
   354 | D:1      | Reached XP level 3. HP: 36/36 MP: 2/2
   397 | D:1      | Found a faded altar of an unknown god.
   780 | D:2      | Noticed Sigmund
   823 | D:2      | HP: 1/36 [Sigmund/+0 scythe (12)]
   826 | D:2      | Killed from afar by Sigmund

Illustrated notes

Levels and vault maps discovered:
D:1:      dpeg_arrival_orchard, layout_rooms, basic_ecumenical_altar,
          serial_bayou_pond_e, st_stairs_11
D:2:      layout_basic, serial_glass, glass_columns_c, glass_columns_c,
          glass_columns_a, glass_columns_a, glass_columns_a, glass_columns_a,
          uniq_sigmund

Skill      XL: |  1  2 |
---------------+-------+-----
Maces & Flails | 3 |  3.1
Fighting       | |  2.9
Dodging        | |  2.7
Stealth        | |  1.1

Action                   || total
-------------------------++-------
Melee: Mace              ||   109
       Punch             ||     2
Throw: Stone             ||     7
 Stab: Sleeping          ||     1
Armor: Robe              ||    63
Dodge: Dodged            ||    72
